 Dungeon Crawl Stone Soup version 0.25.1-2-g60ff931df9 (webtiles) character file.

Game seed: 1909990118903258369

942 Eitelfritz the Slasher (level 8, -5/67 HPs)
             Began as a Hill Orc Fighter on Sept 18, 2020.
             Slain by Prince Ribbit (13 damage)
             ... on level 5 of the Dungeon.
             The game lasted 00:12:39 (5014 turns).

Eitelfritz the Slasher (Hill Orc Fighter)           Turns: 5014, Time: 00:12:39

Health: -5/67      AC: 11    Str: 19    XL:     8   Next: 12%
Magic:  8/8        EV:  6    Int: 10    God:
Gold:   291        SH: 11    Dex: 16    Spells: 7/7 levels left

rFire    . . .     SeeInvis .   a - +1 long sword
rCold    . . .     Gourm    .   c - +1 kite shield
rNeg     . . .     Faith    .   p - +0 chain mail
rPois    .         Spirit   .   (no helmet)
rElec    .         Reflect  .   (no cloak)
rCorr    .         Harm     .   g - +0 pair of gloves
MR       .....                  (no boots)
Stlth    ..........             (no amulet)
HPRegen  0.21/turn              (no ring)
MPRegen  0.11/turn              r - +6 ring of dexterity

@: no status effects
A: no striking features
a: no special abilities


You were on level 5 of the Dungeon.
You were not hungry.

You visited 1 branch of the dungeon, and saw 5 of its levels.

You collected 291 gold pieces.

Inventory:

Hand Weapons
 a - a +1 long sword (weapon)
 q - a +0 flail
Missiles
 b - 5 boomerangs (quivered)
 j - 198 stones
 s - 9 poisoned darts
Armour
 c - a +1 kite shield (worn)
 g - a +0 pair of gloves (worn)
 p - a +0 chain mail (worn)
Jewellery
 m - an uncursed amulet of reflection {unknown}
 o - an uncursed ring of wizardry
 r - a +6 ring of dexterity (right hand)
Wands
 u - a wand of polymorph (13)
Scrolls
 h - a scroll of blinking
 l - a scroll of teleportation
 t - a scroll of identify
Potions
 d - a potion of flight {unknown}
 e - a potion of berserk rage
 i - a potion of haste {unknown}
 k - a potion of degeneration {unknown}
 n - a potion of lignification {unknown}
 w - a potion of brilliance {unknown}
 z - a potion of stabbing {unknown}
 A - a potion of cancellation {unknown}
Comestibles
 f - 7 rations
 v - a chunk of flesh


   Skills:
 + Level 4.9 Fighting
 + Level 6.3 Long Blades
 + Level 5.7 Armour
 + Level 2.1 Dodging
 + Level 0.3 Stealth
 + Level 5.4 Shields


You had 7 spell levels left.
You didn't know any spells.
Your spell library was empty.

Dungeon Overview and Level Annotations

Branches:
Dungeon (5/15)
 Temple: D:4-7

Altars:
Ashenzari
Yredelemnul

Annotations:
D:4 1 runed translucent door, Crazy Yiuf
D:5 Prince Ribbit


Message History

You closely miss Prince Ribbit.
Prince Ribbit is severely wounded.
You block Prince Ribbit's attack. Prince Ribbit hits you.
* * * LOW HITPOINT WARNING * * *
You closely miss Prince Ribbit.
Prince Ribbit is severely wounded.
You block Prince Ribbit's attack. Prince Ribbit barely misses you.
You slash Prince Ribbit!
Prince Ribbit is almost dead.
Prince Ribbit hits you!
* * * LOW HITPOINT WARNING * * *
You completely miss Prince Ribbit.
Prince Ribbit is almost dead.
Prince Ribbit casts a spell.
Prince Ribbit looks slightly unstable.
Prince Ribbit hits you but does no damage.
You closely miss Prince Ribbit.
Prince Ribbit is almost dead.
Prince Ribbit hits you!
You die...

### ..# #.# ##
#.# #. #.###### #
##. #.#....#
..#.#.. #......#
#......###......#
#..F@.......#
#.###รท......# ..
#.......# #..
#.......# #.
##......#### #
#........[#
#.........#
#.........#
#.........#


You could see Prince Ribbit.

Vanquished Creatures
  Grinder (D:5)
  Sigmund (D:3)
  Menkaure (D:4)
  A bullfrog (D:3)
  A howler monkey (D:5)
  An orc priest (D:4)
  3 hounds
  An orc wizard (D:4)
  Terence (D:2)
  A howler monkey skeleton (D:4)
  7 adders
  3 oozes
  3 worms
  2 dart slugs
  6 leopard geckos
  6 orcs
  3 ball pythons
  9 giant cockroaches
  6 hobgoblins
  8 jackals
  A quokka (D:2)
  A ball python skeleton (D:4)
  7 bats
  2 frilled lizards
  5 goblins
  5 kobolds
  8 rats
94 creatures vanquished.

Notes
Turn   | Place    | Note
-------+----------+-------------------------------------------
     0 | D:1      | Eitelfritz the Hill Orc Fighter began the quest for the
                  | Orb.
     0 | D:1      | Reached XP level 1. HP: 19/19 MP: 1/1
   281 | D:1      | Reached XP level 2. HP: 26/27 MP: 2/2
   922 | D:1      | Reached XP level 3. HP: 33/33 MP: 3/3
  1473 | D:2      | Noticed Terence
  1503 | D:2      | Killed Terence
  1503 | D:2      | Reached skill level 3 in Long Blades
  1503 | D:2      | Reached XP level 4. HP: 18/40 MP: 4/4
  2247 | D:3      | Noticed a bullfrog
  2259 | D:3      | Killed a bullfrog
  2259 | D:3      | Reached skill level 1 in Dodging
  2259 | D:3      | Reached XP level 5. HP: 39/46 MP: 5/5
  2572 | D:3      | Noticed Sigmund
  2614 | D:3      | Killed Sigmund
  2614 | D:3      | Reached skill level 4 in Long Blades
  2614 | D:3      | Reached skill level 5 in Armour
  2614 | D:3      | Reached XP level 6. HP: 26/53 MP: 6/6
  3422 | D:4      | Reached XP level 7. HP: 55/60 MP: 7/7
  3723 | D:4      | Noticed Menkaure
  3738 | D:4      | Killed Menkaure
  3738 | D:4      | Reached skill level 5 in Long Blades
  3923 | D:4      | Found a basalt altar of Yredelemnul.
  4340 | D:4      | Found a shattered altar of Ashenzari.
  4742 | D:4      | Found a runed translucent door.
  4743 | D:4      | Noticed Crazy Yiuf
  4881 | D:5      | Entered Level 5 of the Dungeon
  4893 | D:5      | Reached skill level 5 in Shields
  4902 | D:5      | Noticed Grinder
  4914 | D:5      | Paralysed by Grinder for 7 turns
  4930 | D:5      | Killed Grinder
  4930 | D:5      | Reached skill level 6 in Long Blades
  4930 | D:5      | Reached XP level 8. HP: 47/67 MP: 8/8
  4967 | D:5      | Noticed Prince Ribbit
  5014 | D:5      | Slain by Prince Ribbit

Illustrated notes

Levels and vault maps discovered:
D:1:      lemuel_arrival_muddy, layout_basic, serial_glass, glass_columns_c,
          glass_columns_c
D:2:      layout_rooms, uniq_terence
D:3:      layout_loops_cross, minivault_26, uniq_sigmund
D:4:      layout_layer_cave, overflow_temple_1_default,
          yredelemnul_altar_generic, uniq_menkaure, uniq_crazy_yiuf_cottage
D:5:      layout_rooms, minmay_temple_entry_butterflies, first_ration,
          kennysheep_generic_room_5, uniq_grinder, uniq_prince_ribbit1,
          uniq_eustachio

Skill      XL: |  1  2  3  4  5  6  7 |
---------------+----------------------+-----
Long Blades    | 3 4 6 |  6.3
Armour         | 4 5 |  5.7
Fighting       | 4 |  4.9
Dodging        | 1 2 |  2.1
Shields        | 4 5 |  5.4
Stealth        | |  0.3

Action                   |  1- 3 |  4- 6 |  7- 9 || total
-------------------------+-------+-------+-------++-------
Melee: Long sword        |   154 |   216 |   121 ||   491
Throw: Boomerang         |       |       |     1 ||     1
  Use: Potion            |     1 |     2 |     4 ||     7
       Scroll            |       |     9 |       ||     9
  Eat: Chunk             |     2 |     7 |     5 ||    14
Armor: Scale mail        |    40 |       |       ||    40
       Chain mail        |    20 |   117 |    40 ||   177
Dodge: Dodged            |    31 |    52 |    30 ||   113
Block: Kite shield       |    70 |   117 |    69 ||   256
       Rpst.: Long sword |    11 |     9 |     8 ||    28
